Map: Dusk Towers

Players

MrKyo

  • Race: Terran Terran
  • League: Diamond

LilDicky - Winner!

  • Race: Terran Terran
  • League: Diamond

VOD

http://www.twitch.tv/tumescentpie

Description

Time

  • Played on: Dec. 1, 2015, 5:59 p.m.
  • Length: 6:09
Show
View Real Time Build Order
Export as new Build Order

MrKyo Terran 

Build Orders:  

Get SALT Encoding   

  12  0:00  SCV  
  13  0:13  SCV  
  14  0:17  Supply Depot  
  14  0:25  SCV  
  15  0:39  SCV  
  16  0:44  Barracks  
  16  0:45  Refinery  
  16  0:51  SCV  
  17  1:03  SCV  
  18  1:15  SCV  
  19  1:27  SCV  
  20  1:38  Marine  
  20  1:39  SCV  
  22  1:44  Command Center  
  22  1:49  Factory  
  22  1:54  SCV  
  23  2:09  Supply Depot  
  23  2:10  Orbital Command  
  23  2:23  Refinery  
  23  2:30  Marine  
  24  2:39  SCV  
  24  2:43  Hellion  
  26  2:58  Marine  
  26  3:02  Starport  
  27  3:11  Factory Tech Lab  
  27  3:30  Orbital Command  
  27  3:35  SCV  
  28  3:41  Barracks Tech Lab  
  28  3:45  Banshee, Factory Reactor, Barracks  
  28  3:47  SCV  
  32  3:49  Orbital Command  
  32  4:00  SCV  
  32  4:02  Marine  
  34  4:04  Stimpack  
  34  4:12  SCV  
  35  4:20  Marine  
  35  4:24  SCV  
  37  4:34  Barracks Reactor  
  37  4:36  SCV  
  37  4:37  Barracks, Marine  
  37  4:38  Medivac  
  41  4:44  SCV  
  42  4:48  SCV  
  42  4:50  Siege Tank  
  46  5:01  Supply Depot  
  46  5:02  SCV  
  46  5:03  SCV  
  46  5:05  Supply Depot  
  45  5:07  Viking  
  43  5:14  SCV  
  40  5:23  SCV  
  40  5:25  Engineering Bay  
  40  5:30  Viking  
  37  5:54  Missile Turret  
Show
View Real Time Build Order
Export as new Build Order

LilDicky Terran - Winner!

Build Orders: Banshee Rush 

Get SALT Encoding   

  12  0:05  SCV  
  13  0:21  Supply Depot  
  13  0:29  SCV  
  14  0:38  Refinery  
  14  0:41  SCV  
  15  0:49  Barracks  
  15  0:53  SCV  
  16  1:09  SCV  
  17  1:26  SCV  
  18  1:38  Reaper  
  19  1:40  Orbital Command  
  19  1:44  Supply Depot  
  19  2:00  Refinery  
  18  2:07  SCV  
  19  2:11  Factory  
  19  2:12  Marine  
  20  2:19  SCV  
  21  2:31  SCV  
  22  2:42  Command Center  
  22  2:44  SCV  
  23  2:56  SCV  
  23  2:57  Marine  
  25  2:58  Factory Tech Lab  
  25  2:59  Starport  
  25  3:08  SCV  
  26  3:16  Marine  
  26  3:31  SCV  
  27  3:34  Marine  
  28  3:43  Banshee  
  28  3:44  Cloaking Field  
  31  3:51  Supply Depot  
  31  3:53  Widow Mine  
  33  3:57  Orbital Command  
  33  4:00  SCV  
  34  4:09  Engineering Bay  
  34  4:11  Marine  
  35  4:21  SCV  
  36  4:26  Banshee  
  36  4:28  SCV  
  40  4:32  Factory Tech Lab  
  40  4:33  SCV  
  41  4:44  Missile Turret  
  41  4:49  Marine  
  41  4:51  Siege Tank  
  45  4:56  Barracks  
  45  4:57  Supply Depot  
  45  4:58  Barracks  
  41  5:23  Siege Tank  
  41  5:25  Banshee  
  47  5:37  SCV x2  
Tags
 
Add a new tag
Caveats
  • Supply blocks, unpowered buildings, or Contaminate may cause inaccurate times.
  • Supply counts are checked every 10 seconds.